 Dungeon Crawl Stone Soup version 0.28-a0-479-g5baa6b73be (webtiles) character file.

Game seed: 16469035287917015779

71 avis the Slasher (level 4, -2/34 HPs)
             Began as a Barachi Warper on Sept 18, 2021.
             Slain by Ijyb (3 damage)
             ... on level 3 of the Dungeon.
             The game lasted 00:08:48 (2619 turns).

avis the Slasher (Barachi Warper)                   Turns: 2619, Time: 00:08:49

Health: -2/34      AC:  3    Str: 12    XL:     4   Next: 24%
Magic:  7/7        EV: 11    Int: 15    God:
Gold:   62         SH:  0    Dex: 11    Spells: 2/7 levels left

rFire   . . .      SeeInvis .   a - +0 falchion
rCold   . . .      Faith    .   (no shield)
rNeg    . . .      Spirit   .   b - +0 leather armour
rPois   .          Reflect  .   (no helmet)
rElec   .          Harm     .   (no cloak)
rCorr   .          Rampage  .   (no gloves)
Will    .....                   (no boots)
Stlth   +.........              (no amulet)
HPRegen 0.11/turn               (no ring)
MPRegen 0.10/turn               (no ring)

@: slow
A: amphibious, slowness 1, strong legs 1, +LOS
a: Hop


You were on level 3 of the Dungeon.
You visited 1 branch of the dungeon, and saw 3 of its levels.

You collected 62 gold pieces.

Inventory:

Hand Weapons
 a - a +0 falchion (weapon)
 m - a +0 hunting sling
Missiles
 d - 3 boomerangs of dispersal (quivered)
 e - 67 stones
 i - 8 curare-tipped darts
Armour
 b - a +0 leather armour (worn)
 f - a +0 tower shield
Magical Staves
 n - a staff of fire
Jewellery
 g - a ring of see invisible
Scrolls
 c - a scroll of blinking
 j - a scroll of immolation {unknown}
 k - a scroll of teleportation {unknown}
 l - a scroll of identify {unknown}
Potions
 h - a potion of attraction {unknown}


   Skills:
 - Level 2.4 Fighting
 * Level 5.0 Long Blades
 - Level 1.0 Throwing
 - Level 1.2 Armour
 - Level 2.1 Dodging
 - Level 2.1 Spellcasting
 + Level 3.7 Translocations


You had 2 spell levels left.
You knew the following spells:

 Your Spells              Type           Power      Damage    Failure   Level
a - Blink                 Tloc           N/A        N/A       9%          2
b - Teleport Other        Tloc           12%        N/A       19%         3

Your spell library contained the following spells:

 Spells                   Type           Power      Damage    Failure   Level
 Gell's Gravitas          Tloc           6%         N/A       19%         3
 Lesser Beckoning         Tloc           12%        N/A       19%         3
 Dazzling Flash           Conj/Hex       2%         N/A       63%         3
 Manifold Assault         Tloc           12%        N/A       86%         5
 Agony                    Necr           1%         N/A       100%        5
 Silence                  Hex/Air        0%         N/A       100%        5


Dungeon Overview and Level Annotations

Branches:
Dungeon (3/15)

Altars:

Shops:
D:2 [

Annotations:
D:3 Ijyb


Innate Abilities, Weirdness & Mutations

You are amphibious.
You cover ground slowly.
You can hop short distances.
You have an extended range of vision and can be seen from far away.


Message History

Ijyb screams, "Me stronger than you!"
Ijyb zaps a wand.
You resist with some effort.
You barely miss Ijyb.
Ijyb is lightly wounded.
Ijyb zaps a wand.
You resist with some effort.
You closely miss Ijyb.
Ijyb is lightly wounded.
Ijyb screams, "You nasty!
Big nasty!"
Ijyb hits you with a +0 dagger. Ijyb closely misses you.
You closely miss Ijyb.
Ijyb is lightly wounded.
Ijyb hits you with a +0 dagger.
* * * LOW HITPOINT WARNING * * *
You slash Ijyb!
Ijyb is heavily wounded.
Ijyb hits you with a +0 dagger.
* * * LOW HITPOINT WARNING * * *
You closely miss Ijyb.
Ijyb is heavily wounded.
Ijyb hits you with a +0 dagger.
* * * LOW HITPOINT WARNING * * *
You hit Ijyb.
Ijyb is heavily wounded.
Ijyb zaps a wand.
You suddenly lose the ability to move!
Ijyb zaps a wand.
You shrug off the repeated paralysis!
The now-empty wand crumbles to dust.
Ijyb hits you but does no damage.
You can move again.
Okay, then.
You barely miss Ijyb.
Ijyb is heavily wounded.
Ijyb hits you with a +0 dagger.
* * * LOW HITPOINT WARNING * * *
You hit Ijyb but do no damage.
Ijyb is heavily wounded.
Ijyb barely misses you.
You completely miss Ijyb.
Ijyb is heavily wounded.
Ijyb hits you with a +0 dagger.
You die...

##.#####..#
#.)..#
#.##.#
#.##.#
#.##.#
#.##.#
#.##.#
#.#.#. #g@#
#
........##
.######..
###


You could see Ijyb.

Vanquished Creatures
  An adder (D:2)
  3 dart slugs
  A worm (D:2)
  An orc (D:3)
  7 ball pythons
  An endoplasm (D:1)
  3 giant cockroaches
  7 goblins
  6 hobgoblins
  6 quokkas
  4 bats
  4 frilled lizards
  A kobold (D:2)
  2 rats
47 creatures vanquished.

Notes
Turn   | Place    | Note
-------+----------+-------------------------------------------
     0 | D:1      | avis the Barachi Warper began the quest for the Orb.
     0 | D:1      | Reached XP level 1. HP: 17/17 MP: 3/3
   111 | D:1      | Reached skill level 3 in Long Blades
   214 | D:1      | Reached XP level 2. HP: 23/23 MP: 5/5
   289 | D:1      | HP: 1/23 [goblin (4)]
   809 | D:1      | Reached skill level 4 in Long Blades
   957 | D:1      | Reached XP level 3. HP: 27/28 MP: 6/6
   960 | D:1      | Learned a level 2 spell: Blink
   964 | D:1      | Learned a level 3 spell: Teleport Other
  2005 | D:2      | Reached XP level 4. HP: 34/34 MP: 7/7
  2160 | D:2      | Found a faded altar of an unknown god.
  2347 | D:2      | Found Cyenob's Antique Armour Emporium.
  2579 | D:3      | Reached skill level 5 in Long Blades
  2589 | D:3      | Noticed Ijyb
  2589 | D:3      | Paralysed by Ijyb for 7 turns
  2614 | D:3      | Paralysed by Ijyb for 3 turns
  2617 | D:3      | HP: 1/34 [Ijyb (3)]
  2619 | D:3      | Slain by Ijyb

Illustrated notes

Levels and vault maps discovered:
D:1:      dpeg_arrival_fog, layout_basic
D:2:      layout_basic, serial_shops,
          nicolae_shop_temple_entry_statues_fountains,
          shapermc_ecumenical_altar_starsandcircs, minmay_pentomino_pile
D:3:      layout_loops_ring, uniq_ijyb

Skill      XL: |  1  2  3  4 |
---------------+-------------+-----
Long Blades    | 3 4 5 |  5.0
Fighting       | |  2.4
Throwing       | |  1.0
Armour         | |  1.2
Dodging        | |  2.1
Spellcasting   | |  2.1
Translocations | |  3.7

Action                   |  1- 3 |  4- 6 || total
-------------------------+-------+-------++-------
Melee: Falchion          |   131 |    63 ||   194
Throw: Boomerang         |     2 |       ||     2
Armor: Leather armour    |    32 |    17 ||    49
Dodge: Dodged            |    81 |    29 ||   110

Table legend: (Time is in decaauts)
 A = Elapsed time spent in this place.
 B = Non-inter-level travel time spent in this place.
 C = Inter-level travel time spent in this place.
 D = Time resting spent in this place.
 E = Time spent auto-exploring this place.
 F = Levels seen in this place.
 G = Mean time per level.
                   A        B        C        D        E       F      G
               +--------+--------+--------+--------+--------+-----+--------+
         Total |   2864 |   2707 |    157 |   1077 |   1146 |   3 |  954.7 |
       Dungeon |   2864 |   2707 |    157 |   1077 |   1146 |   3 |  954.7 |
               +--------+--------+--------+--------+--------+-----+--------+

Top non-repeatable levels by time:
     D:1: 1785 daAuts
     D:2: 1000 daAuts
     D:3: 79 daAuts
